Unix NetHack Version 5.0.0-0 post-release - last build May 31 2026 23:59:36 (970b52f25bf058293b47ddfd14a1e40e571c508c,branch:main).

Game began 2026-06-09 13:13:18, ended 2026-06-09 13:26:17.

GdeVolpiano, lawful male human Archeologist

                        -----
                        |....############
      ---------         |...|       ###[#----------
      |..{..<.|         |....           #|........|
      |.......|         |...|           #|.........##
      |........         ---.-          ##.......{.| #
      |..(....|            #            #|........| #      #
      -------|- #          #             ---------- #########
             ########    ####                            #####
                #####-----.-----                             #
                    #|...[>....|                       @r#   #
                    #|.........|                      rr@#############
                    #..........-                             #   ----.---
                     |.........|                             ####|......|
                     -------.---                                #.......|
                                                                 |......|
                                                                 |>.....|
                                                                 --------

GdeVolpiano the Field Worker  St:14 Dx:10 Co:12 In:15 Wi:14 Ch:10  Lawful
Dlvl:3  $:1533 HP:0(21) Pw:15(18) AC:5  Xp:3 T:1240 

Latest messages:
 M - a swirly potion.
 You swap places with Indy.
 Indy bites the floating eye.
 Indy is frozen by the floating eye's gaze!
 You descend the stairs.
 You see here a chest.
 In what direction?
 Hmmm, the chest turns out to be locked.
 What do you want to take off? [cK or ?*]
 You finish taking off your mail.
 You are beginning to feel hungry.
 In what direction?
 Klick!
 You see here a chest.
 In what direction?
 You decipher the label on your scroll labeled LOREM IPSUM.
 N - a scroll of light.
 O - a mottled spellbook.
 What do you want to eat? [dEGL or ?*]
 Blecch!  Rotten food!
 Everything suddenly goes dark.
 You finish eating the food ration.
 You climb up the stairs.
 You can see again.
 The wererat bites!
 You feel feverish.
 You lash the wererat.
 The wererat bites!
 You miss the wererat.
 The wererat bites!
 You find a hidden passage.
 What do you want to wield? [- ae or ?*]
 Never mind.
 What do you want to wear? [K or ?*]
 The wererat bites!
 The wererat changes into a human.
 The wererat summons help!
 A sewer rat suddenly appears next to you!
 A sewer rat suddenly appears next to you!
 A giant rat suddenly appears next to you!
 The wererat hits!
 The giant rat bites!
 The sewer rat misses!
 The sewer rat bites!
 The wererat hits!
 The giant rat just misses!
 The sewer rat bites!
 You die...
 Do you want your possessions identified? [ynq] (y)
 Do you want to see your attributes? [ynq] (y)

Inventory:
 Coins    ('$')
  $ - 1533 gold pieces
 Weapons  (')')
  a - a +2 bullwhip (weapon in right hand)
 Armor    ('[')
  c - an uncursed +0 fedora (being worn)
  K - an uncursed +0 chain mail (being donned)
 Comestibles  ('%')
  d - 4 uncursed food rations
  G - a cursed food ration
  L - an uncursed lembas wafer
  E - a cursed lembas wafer
 Scrolls  ('?')
  N - an uncursed scroll of light
 Spellbooks  ('+')
  O - an uncursed spellbook of healing
 Potions  ('!')
  M - a cursed potion of gain ability
 Tools    ('(')
  h - an empty uncursed sack
  I - an uncursed oil lamp
  e - a +0 pick-axe (alternate weapon; not wielded)
 Gems/Stones  ('*')
  g - an uncursed touchstone

GdeVolpiano the Archeologist's attributes:

Background:
 You were a Field Worker, a level 3 male human Archeologist.
 You were lawful, nominally on a mission for Quetzalcoatl
 who was opposed by Camaxtli (neutral) and Huhetotl (chaotic).
 You were right-handed.
 You were in the Dungeons of Doom, on level 3.
 You entered the dungeon 1240 turns ago.
 You had 74 experience points, 6 more were needed to attain level 4.

Basics:
 You had 0 out of 21 hit points.
 You had 15 out of 18 energy points (spell power).
 Your armor class was 5.
 Your wallet contained 1533 zorkmids.
 Autopickup was on for '$?!/="+' plus thrown, with exceptions.

Final Characteristics:
 Your strength was 14 (limit:18/100).
 Your dexterity was 10 (limit:18).
 Your constitution was 12 (limit:18).
 Your intelligence was 15 (limit:18).
 Your wisdom was 14 (limit:18).
 Your charisma was 10 (limit:18).

Final Status:
 You weren't hungry.
 You were unencumbered.
 You were wielding a whip.
 You had basic skill with whip.

Final Attributes:
 You were devoutly aligned.
 You were level-drain resistant.
 You had automatic searching.
 You were warded.
 Your spell casting was impaired by metallic armor.
 You were a wererat.
 You were harmed by silver.
 You were lucky.
 You are dead.

Miscellaneous:
 You didn't encounter any bones levels.
 Total elapsed playing time was 12 minutes and 53 seconds.

Major events:
 Turn
    1: GdeVolpiano the lawful male human Archeologist entered the dungeon
  472: read a Discworld novel
  503: attained the rank of Field Worker (level 3)
 1118: entered the Gnomish Mines
 1240: killed by a sewer rat, while dressing up

Spells:
 Name                 Level Category     Fail Retention
 knock                  1   matter        81%  76%-100%

Skills:
 Fighting Skills
   bare handed combat [Unskilled]
   two weapon combat  [Unskilled]
   riding             [Unskilled]
 Weapon Skills
   dagger             [Unskilled]
   knife              [Unskilled]
   pick-axe           [Basic]
   short sword        [Unskilled]
   saber              [Unskilled]
   club               [Unskilled]
   quarterstaff       [Unskilled]
   sling              [Unskilled]
   dart               [Unskilled]
   boomerang          [Unskilled]
   whip               [Basic]
   unicorn horn       [Unskilled]
 Spellcasting Skills
   attack spells      [Unskilled]
   healing spells     [Unskilled]
   divination spells  [Unskilled]
   matter spells      [Unskilled]

Voluntary challenges:
 Character rerolling was not enabled.
 You were an atheist.
 You never genocided any monsters.
 You never polymorphed an object.
 You never changed form.
 You used no wishes.
Achievements:
 You entered a shop.
 You read from a Discworld novel.
 You attained the rank of Field Worker.
 You entered the Gnomish Mines.

 The Dungeons of Doom: levels 1 to 4
    Level 1:
    Level 2:
       A bookstore, a fountain.
    Level 3: <- You were here.
       Some fountains.
       Stairs down to The Gnomish Mines.
       Final resting place for
          you, killed by a sewer rat, while dressing up.
    Level 4:
 The Gnomish Mines:
    Level 4:


Vanquished creatures:
 an acid blob
  a hobbit
  a large kobold
  2 red molds
  4 geckos
  2 jackals
  2 foxes
  2 goblins
  2 lichens
  2 kobold zombies
  6 newts
25 creatures vanquished.

No species were genocided or became extinct.

Game over:
                       ----------
                      /          \
                     /    REST    \
                    /      IN      \
                   /     PEACE      \
                  /                  \
                  |   GdeVolpiano    |
                  |     1533 Au      |
                  |   killed by a    |
                  |    sewer rat     |
                  |                  |
                  |                  |
                  |       2026       |
                 *|     *  *  *      | *
        _________)/\\_//(\/(/\)/\//\/|_)_______

Goodbye GdeVolpiano the Archeologist...

You died in The Dungeons of Doom on dungeon level 3 with 1826 points,
and 1533 pieces of gold, after 1240 moves.
You were level 3 with a maximum of 21 hit points when you died.

